 Dungeon Crawl Stone Soup version 0.32-a0-938-g40ac7a0f4d (webtiles) character file.

Game seed: 17622656955124704308

673634 mojasp the Slayer (level 27, -1/260 HPs)
             Began as a Demonspawn Gladiator on Apr 15, 2024.
             Was the Champion of Cheibriados.
             Engulfed by Asmodeus's flame (2 damage)
             ... on level 7 of Gehenna.
             The game lasted 02:49:59 (62630 turns).

mojasp the Slayer (Demonspawn Gladiator)           Turns: 62630, Time: 02:50:00

Health: -1/260     AC: 14    Str: 31 (32) XL:     27
Magic:  0/37       EV: 67    Int: 25      God:    Cheibriados [******]
Gold:   5016       SH:  0    Dex: 50 (51) Spells: 5/36 levels left

rFire   + + +        M - +8 demon blade of Huppohask {freeze, Fly rF- rN+++ Stlth-}
rCold   . . .        (no shield)
rNeg    + + +        A - +5 moon troll leather armour {Spirit, Regen++ MP+5}
rPois   +            h - +2 hat {SInv}
rElec   .            d - +1 cloak {rPois}
rCorr   .            (gloves unavailable)
SInv    +            f - +2 pair of slick slippers {slick, slippery, EV+4}
Will    ++++.        V - amulet of regeneration
Stlth   +++++++      y - ring "Huckar" {rF+ Will+ Dex+2}
HPRegen 3.03/turn    n - ring of Pigepsui {rF+ Will+ EV+5 Dex+3}
MPRegen 0.25/turn

%: guardian spirit
@: mighty, agile, flying, studying 3 skills, unable to read, very slow
A: thin skeletal structure 3, powered by pain 3, spiny 3, black mark,
bedeviling, aura of silence, demonic touch 3, hooves 1, horns 1, deterioration
1, fire resistance 3, robust 1
}: 5/15 runes: decaying, slimy, silver, abyssal, gossamer
a: Renounce Religion, Bend Time, Temporal Distortion, Slouch, Step From Time


You were on level 7 of Gehenna.
You worshipped Cheibriados.
Cheibriados was exalted by your worship.
You visited 14 branches of the dungeon, and saw 62 of its levels.
You visited the Abyss 2 times.
You also visited: Trove, Sewer, Bailey, Ice Cave, Volcano and Wizlab.

You collected 12253 gold pieces.
You spent 7237 gold pieces at shops.

Inventory:

Hand Weapons
 c - a +5 double sword of freezing
 M - the +8 demon blade of Huppohask (weapon) {freeze, Fly rF- rN+++ Stlth-}
   (You found it in a bailey)

   rF-:       It makes you vulnerable to fire.
   rN+++:     It renders you almost immune to negative energy.
   Fly:       It grants you flight.
   Stlth-:    It makes you less stealthy.
 O - the +11 plutonium sword {^Contam Stlth-}
   (You bought it in a shop on level 5 of the Realm of Zot)

   ^Contam:   It causes magical contamination when unequipped.
   Stlth-:    It makes you less stealthy.
Missiles
 N - 5 silver javelins
Armour
 d - a +1 cloak of poison resistance (worn)
 f - the +2 pair of slick slippers (worn) {slick, slippery, EV+4}
   (You bought it in a shop on level 2 of the Orcish Mines)

   Slick:     Its wearer cannot be constricted, engulfed, netted, webbed, or
   stopped by binding sigils.
   Slippery:  Its wearer slips away from damaging melee attacks, pulling the
   attacker onward.
   EV+4:      It affects your evasion (+4).
 h - a +2 hat of see invisible (worn)
 A - the +5 moon troll leather armour (worn) {Spirit, Regen++ MP+5}
   (You took it off a moon troll in a wizard's laboratory)

   MP+5:      It affects your magic capacity (+5).
   Regen++:   It increases your rate of health regeneration.
Jewellery
 n - the ring of Pigepsui (right hand) {rF+ Will+ EV+5 Dex+3}
   (You bought it in a shop on level 1 of the Depths)

   [ring of evasion]

   EV+5:      It affects your evasion (+5).
   Dex+3:     It affects your dexterity (+3).
   rF+:       It protects you from fire.
   Will+:     It increases your willpower.
 y - the ring "Huckar" (left hand) {rF+ Will+ Dex+2}
   (You found it in a wizard's laboratory)

   [ring of willpower]

   Dex+2:     It affects your dexterity (+2).
   rF+:       It protects you from fire.
   Will+:     It increases your willpower.
 B - a ring of poison resistance
 U - a +4 ring of protection
 V - an amulet of regeneration (around neck)
 X - a ring of resist corrosion
Wands
 a - a wand of digging (10)
 s - a wand of flame (100)
 w - a wand of charming (57)
 G - a wand of roots (28)
 R - a wand of polymorph (14)
 S - a wand of light (42)
 T - a wand of mindburst (30)
Scrolls
 i - 10 scrolls of fog
 q - 2 scrolls of butterflies
 r - 7 scrolls of brand weapon
 t - 4 scrolls of silence
 u - 9 scrolls of blinking
 C - 2 scrolls of revelation
 D - 6 scrolls of fear
 E - 15 scrolls of teleportation
 F - 8 scrolls of vulnerability
 I - 8 scrolls of poison
 K - 5 scrolls of immolation
 W - a scroll of torment
 Z - 5 scrolls of amnesia
Potions
 b - 6 potions of might
 g - 4 potions of heal wounds
 j - 15 potions of mutation
 k - 12 potions of curing
 l - 2 potions of cancellation
 m - 14 potions of ambrosia
 p - 8 potions of lignification
 v - 9 potions of resistance
 x - 8 potions of attraction
 z - 5 potions of enlightenment
 P - 10 potions of brilliance
 Q - 3 potions of magic
 Y - 3 potions of invisibility
Miscellaneous
 e - a lightning rod (4/4)
 o - a box of beasts (inert)
 H - a phial of floods (inert)
 J - a tin of tremorstones (inert)
 L - a phantom mirror (inert)


   Skills:
 - Level 23.7 Fighting
 - Level 22.0 Long Blades
 - Level 1.7 Throwing
 - Level 22.0 Dodging
 - Level 5.0 Stealth
 - Level 11.5 Shields
 - Level 5.0 Spellcasting
 - Level 15.0 Necromancy
 - Level 5.0 Translocations
 - Level 4.0 Earth Magic
 - Level 13.0 Invocations
 - Level 15.0 Evocations
 + Level 17.8 Shapeshifting


You had 5 spell levels left.
You knew the following spells:

 Your Spells              Type           Power      Damage    Failure   Level
a - Blink                 Tloc           62%        N/A       1%          2
b - Lesser Beckoning      Tloc           62%        N/A       1%          2
c - Teleport Other        Tloc           31%        N/A       3%          3
d - Animate Dead          Necr           69%        N/A       1%          4
e - Borgnjor's Vile Clut  Necr/Erth      26%        N/A       4%          5
f - Death Channel         Necr           34%        N/A       3%          6
g - Permafrost Eruption   Ice/Erth       8%         2x4d3     99%         6
h - Maxwell's Portable P  Tloc           31%        2d(8-22)  3%          3

Your spell library contained the following spells:

 Spells                   Type           Power      Damage    Failure   Level
 Apportation              Tloc           62%        N/A       1%          1
 Kiss of Death            Conj/Necr      100%       2d13      1%          1
 Sandblast                Erth           52%        2d12      1%          1
 Cigotuvi's Dreadful Rot  Necr/Alch/Air  62%        N/A       1%          2
 Sublimation of Blood     Necr           69%        N/A       1%          2
 Vampiric Draining        Necr           69%        2d10      1%          3
 Dispel Undead            Necr           69%        3d23      1%          4
 Curse of Agony           Necr           69%        N/A       1%          5
 Momentum Strike          Conj/Tloc      36%        3d9       4%          2
 Martyr's Knell           Necr/Summ      43%        N/A       4%          4
 Magic Dart               Conj           24%        1d4       9%          1
 Shock                    Conj/Air       24%        1d4       9%          1
 Slow                     Hex            36%        N/A       9%          1
 Summon Small Mammal      Summ           24%        N/A       9%          1
 Stone Arrow              Conj/Erth      32%        3d9       12%         3
 Passage of Golubria      Tloc           31%        N/A       12%         4
 Call Imp                 Summ           12%        N/A       14%         2
 Mercury Vapours          Alch/Air       12%        N/A       14%         2
 Static Discharge         Conj/Air       12%        3-4/arc   14%         2
 Call Canine Familiar     Summ           6%         N/A       26%         3
 Confusing Touch          Hex            9%         N/A       26%         3
 Dazzling Flash           Conj/Hex       18%        N/A       26%         3
 Hailstorm                Conj/Ice       6%         3d5       26%         3
 Mephitic Cloud           Conj/Alch/Air  6%         N/A       26%         3
 Sigil of Binding         Hex            9%         N/A       26%         3
 Summon Ice Beast         Ice/Summ       6%         N/A       26%         3
 Swiftness                Air            6%         N/A       26%         3
 Tukima's Dance           Hex            9%         N/A       26%         3
 Iskenderun's Mystic Bla Conj/Tloc 18%            2d6        (+2d2     32%         4
 Animate Armour           Summ/Erth      32%        N/A       36%         4
 Brom's Barrelling Bould  Conj/Erth      16%        2d4       36%         4
 Leda's Liquefaction      Alch/Erth      8%         N/A       36%         4
 Petrify                  Alch/Erth      16%        N/A       36%         4
 Lee's Rapid Deconstruct  Erth           13%        3d9*      43%         5
 Airstrike                Air            3%         2d(1-17)  65%         4
 Fulminant Prism          Conj/Alch      3%         3d5       65%         4
 Ignite Poison            Fire/Alch      6%         N/A       65%         4
 Summon Blazeheart Golem  Fire/Summ      6%         N/A       65%         4
 Summon Lightning Spire   Summ/Air       6%         N/A       65%         4
 Summon Forest            Summ/Tloc      9%         N/A       65%         5
 Arcjolt                  Conj/Air       3%         1d13      94%         5
 Fireball                 Conj/Fire      3%         3d4       94%         5
 Freezing Cloud           Conj/Ice/Air   3%         6-21      94%         5
 Irradiate                Conj/Alch      3%         3d12      94%         5
 Iskenderun's Battlesphe  Conj           6%         2d6       94%         5
 Silence                  Hex/Air        4%         N/A       94%         5
 Summon Mana Viper        Hex/Summ       9%         N/A       94%         5
 Yara's Violent Unravell  Hex/Alch       4%         3d4       94%         5
 Borgnjor's Revivificati  Necr           34%        N/A       77%         8
 Dispersal                Tloc           15%        N/A       87%         6
 Haunt                    Necr/Summ      21%        N/A       98%         7
 Bombard                  Conj/Erth      8%         9d2       99%         6
 Conjure Ball Lightning   Conj/Air       3%         3x3d6     100%        6
 Eringya's Noxious Bog    Alch           3%         4d6       100%        6
 Sculpt Simulacrum        Ice/Alch       3%         N/A       100%        6
 Summon Cactus Giant      Summ           3%         N/A       100%        6
 Malign Gateway           Summ/Tloc      9%         N/A       100%        7
 Monstrous Menagerie      Summ           3%         N/A       100%        7
 Orb of Destruction       Conj           3%         9d5       100%        7
 Spellforged Servitor     Conj/Summ      3%         N/A       100%        7
 Summon Hydra             Summ           3%         N/A       100%        7
 Lehudib's Crystal Spear  Conj/Erth      8%         10d3      100%        8
 Death's Door             Necr           34%        N/A       100%        9


Dungeon Overview and Level Annotations

Branches:
Dungeon (15/15)            Temple (1/1) D:5            Lair (5/5) D:10
  Swamp (4/4) Lair:3       Spider (4/4) Lair:3        Slime (5/5) Lair:4
    Orc (2/2) D:12            Elf (1/3) Orc:2        Vaults (5/5) D:13
  Crypt (3/3) Vaults:2       Tomb (0/3) Crypt:3      Depths (4/4) D:15
   Hell (visited)             Dis (0/7) Hell            Geh (7/7) Hell
    Coc (0/7) Hell            Tar (0/7) Hell            Zot (5/5) Depths:4
  Sewer (visited)          Bailey (visited)           IceCv (visited)
Volcano (visited)          WizLab (visited)

Altars:
Ashenzari
Cheibriados
Dithmenos
Fedhas
Gozag
Hepliaklqana
Kikubaaqudgha
Makhleb
Nemelex Xobeh
Okawaru
Qazlal
Ru
Sif Muna
Trog
Uskayaw
Vehumet
Wu Jian
Xom
Yredelemnul
Beogh
Jiyva

Shops:
D:6 :   D:9 [   D:12 !   Orc:2 [*(:   Elf:1 *   Vaults:1 =   Vaults:5 [
Zot:5 *   Depths:1 :=:   Depths:2 (   Depths:4 !

Portals:
Hell: Depths:1 Depths:2 Depths:3 Depths:4
Abyss: Depths:3
Pandemonium: Depths:2
Ziggurat: Depths:4

Annotations:
Geh:7 Asmodeus
Zot:5 2 transporters


Innate Abilities, Weirdness & Mutations

You have an unnaturally thin skeletal structure. (Dex +6, Stealth+++)
You are powered by pain.
You are completely covered in sharp spines.
Your melee attacks may debilitate your foes.
Your hexes are more powerful.
You are surrounded by an aura of silence.
Your touch may irresistibly damage your foes and sap their willpower.
You have large cloven feet.
You have a pair of small horns on your head.
Your body sometimes deteriorates upon taking damage.
Your flesh is almost immune to the effects of heat. (rF+++)
You are robust. (+10% HP)


Message History

Aim: Asmodeus, wielding the +13 sceptre of Asmodeus (silenced, severely wounded, wandering, surrounded by flames, unaffected by silence, hasn't noticed you, infinite will)
Okay, then.
Unknown command.
Okay, then.
Aiming: Fastroot
Press: ? - help, Shift-Dir - straight line, f - Brimstone Fiend
Aim: a Brimstone Fiend (silenced, summoned, unaffected by silence)
The roots erupt in riotous growth!
Roots grab the Brimstone Fiend. x2; Roots grab the hellion.
Roots grab Asmodeus.
Roots grab the hellion.
You are engulfed in blazing flames.
You resist.
* * * LOW HITPOINT WARNING * * *
The grasping roots constrict the Brimstone Fiend.
The grasping roots constrict the Brimstone Fiend!
The grasping roots constrict the hellion!
The grasping roots constrict Asmodeus.
The grasping roots constrict the hellion!
The hellion splashes around in the water.
Asmodeus is struck by your spines. Asmodeus completely misses you.
The hellion is engulfed in a cloud of scalding steam.
The hellion gestures at you.
The sphere of damnation explodes!
The damnation engulfs you!!
* * * LOW HITPOINT WARNING * * *
The damnation engulfs the Brimstone Fiend.
The Brimstone Fiend completely resists.
The damnation engulfs the Brimstone Fiend.
The Brimstone Fiend completely resists.
The damnation engulfs Asmodeus.
Asmodeus completely resists.
The damnation engulfs the hellion.
The hellion completely resists.
The Brimstone Fiend completely misses you.
The Brimstone Fiend hits you but does no damage.
The Brimstone Fiend completely misses you.
The Brimstone Fiend is struck by your spines.
The Brimstone Fiend completely misses you. x3
You slash Asmodeus! You freeze Asmodeus. You headbutt Asmodeus.
You touch Asmodeus!
Asmodeus is severely wounded.
You are engulfed in blazing flames.
You resist.
You die...
Cheibriados appreciates the motionlessness of death.

≈≈≈≈§≈§§≈≈.##########.≈§§≈≈≈≈≈≈≈§
≈≈§≈≈§≈≈§..# #####.§§≈§§§§≈§≈≈
≈§≈≈§≈§§§..# ..##....≈§§§≈§≈≈
≈≈≈≈≈§≈§...# °.##....≈§§§§≈≈≈
≈≈≈≈§≈≈§≈..# ..##..§≈≈§≈≈§§§§
≈§≈≈≈§§...## #'####..≈§§≈≈≈≈≈
≈≈§≈≈≈....########'####..≈≈≈≈≈≈≈≈
§§≈.......##..°.○&°..##....§§≈≈≈≈
§≈.......###..°~@12..##....§.≈≈≈≈
§§.......##...§.12...##.......^≈≈
..#########'##############..§..§≈
..#......#..'............#.§≈...≈
..#......#)#############'#.≈≈§§..
..#......#.#...).........#..≈§...
..#......'.#.............#.......
..########'#.............#.......
..#.:.|..|.#'#################...


You could see Asmodeus (clouds, unsilenced, rooted), 2 Brimstone Fiends and 2
hellions.

Vanquished Creatures
  the Royal Jelly (Slime:5)
  Frederick (Vaults:3)
  7 dread liches
  5 ancient liches
  An orb of fire (Zot:1)
  The ghost of dolemite99 the Warrior, a veteran DrFE of Okawaru (Vaults:4)
  Xtahua (Crypt:2)
  Sojobo (Vaults:4)
  Boris (twice) (Vaults:1 Crypt:1)
  Bai Suzhen (Vaults:5)
  Margery (Vaults:3)
  A Killer Klown (Zot:4)
  6 curse toes
  Geryon (Hell)
  10 golden dragons
  A profane servitor (Crypt:3)
  Jory (Vaults:5)
  Arachne (Spider:2)
  Nikola (Swamp:1)
  2 bone dragons
  12 hellephants
  12 Brimstone Fiends
  2 doom hounds (Hell)
  2 electric golems
  15 tentacled monstrosities
  A lich (Crypt:3)
  A Hell Sentinel (Abyss:3)
  A moon troll (WizLab)
  4 Orb Guardians (Zot:5)
  A walking divine tome (Depths:3)
  6 quicksilver dragons
  5 titans (Vaults:5)
  A deep elf blademaster (Elf:1)
  35 searing wretches
  11 acid blobs
  6 sphinxes
  Gastronok (D:8)
  8 death cobs
  Kirke (Lair:5)
  10 tentacled starspawn
  5 ancient champions
  10 shadow dragons
  9 storm dragons
  5 tengu reavers
  4 rockslimes (Slime:5)
  2 fenstrider witches (Depths:3)
  2 revenants
  A thorn hunter (Swamp:4)
  Aizul (Swamp:2)
  5 frost giants
  An azure jelly (Slime:5)
  A deep elf sorcerer (Vaults:1)
  17 fire giants
  3 draconian knights
  A draconian monk (Zot:1)
  6 emperor scorpions
  An iron dragon (Vaults:5)
  4 ghost moths
  23 balrugs
  5 draconian scorchers
  Louise (Elf:1)
  6 reapers (Hell)
  14 vault wardens
  4 draconian shifters
  A deep elf elementalist (Elf:1)
  19 ironbound preservers
  A broodmother (Spider:4)
  2 orc warlords
  A curse skull (Vaults:2)
  2 ghouls
  3 cacodemons
  2 draconian annihilators
  3 draconian stormcallers
  7 ironbound thunderhulks
  12 stone giants
  18 very ugly things
  3 spriggan defenders (Depths:2)
  6 quicksilver oozes
  5 deep elf death magi
  4 green draconians
  A deep elf demonologist (Vaults:5)
  8 vampire knights
  2 lorocyprocas
  An eleionoma (Swamp:3)
  9 dire elephants
  9 spark wasps
  Nessos (Lair:3)
  The ghost of Zigma the Brawler, a journeyman DrMo of Yredelemnul (Lair:1)
  A deep elf annihilator (Vaults:4)
  4 purple draconians
  8 white draconians
  3 yellow draconians
  4 war gargoyles
  8 black draconians
  A bunyip (Swamp:2)
  3 eidola
  2 red draconians
  A mummy priest (Crypt:3)
  23 jiangshi
  10 ettins
  A crystal guardian (Vaults:2)
  A fire dragon (Depths:2)
  A merfolk javelineer (Depths:4)
  A merfolk impaler (Depths:4)
  3 entropy weavers
  2 deep elf high priests
  14 yaktaur captains
  13 great orbs of eyes
  A shambling mangrove (Swamp:4)
  10 hydras
  The ghost of Drangen the Skirmisher, a journeyman CoHu of Okawaru (D:11)
  A peacekeeper (Vaults:2)
  4 rakshasas
  6 ice dragons
  A hell beast (Depths:4)
  13 stokers
  9 ironbound frosthearts
  A spriggan air mage (Depths:3)
  4 jorogumos
  23 centaur warriors
  11 salamander tyrants
  26 vault guards
  2 ghost crabs
  2 radroaches
  3 catoblepae (Lair:5)
  3 ogre magi
  8 alligators
  3 death knights
  3 dancing weapons
  5 two-headed ogres
  A titan zombie (Depths:3)
  7 boulder beetles
  13 death yaks (Lair:5)
  2 deep troll shamans (Depths:4)
  30 hell hogs
  6 death scarabs (Spider:4)
  3 vampire magi
  3 deep troll earth magi
  3 spriggan berserkers
  5 tengu warriors
  4 occultists
  3 demonic crawlers
  4 orc high priests
  11 hell knights
  A thrashing horror (Abyss:2)
  3 skysharks
  Urug (Lair:2)
  3 deep elf knights (Elf:1)
  7 sun demons (Hell)
  36 skeletal warriors
  4 soul eaters
  An iron troll (Depths:4)
  4 shadow wraiths
  A sixfirhy (Hell)
  A spectral death yak (Lair:3)
  48 deep trolls
  An anaconda zombie (Hell)
  A deep elf archer (Elf:1)
  6 wretched stars
  A sea snake (shapeshifter) (Depths:1)
  A death drake (shapeshifter) (Vaults:1)
  2 goliath frogs
  6 spriggan riders
  8 arcanists
  9 bog bodies
  3 flayed ghosts
  6 pharaoh ants
  6 glowing orange brains
  A spriggan simulacrum (Hell)
  A death drake (Swamp:4)
  5 spriggan druids
  An elf zombie (Vaults:3)
  A sun moth (Spider:4)
  4 large abominations
  5 swamp dragons
  An anaconda skeleton (Hell)
  10 lindwurms
  An orange crystal statue (WizLab)
  21 ironbound convokers
  7 deep elf zephyrmancers
  A spectral hydra (Crypt:3)
  13 phantasmal warriors
  A golden dragon skeleton (Crypt:2)
  8 steelbarb worms
  An obsidian bat (Orc:2)
  7 necromancers
  An iron giant skeleton (Hell)
  A spectral wolf spider (Spider:4)
  12 orc knights
  12 wolf spiders
  A sphinx simulacrum (Depths:3)
  3 tengu skeletons
  5 deep elf pyromancers
  4 cyclopes
  An alligator zombie (Hell)
  3 will-o-the-wisps
  32 ugly things
  A shining eye (shapeshifter) (Vaults:5)
  7 orc sorcerers
  33 elephants
  3 manticores
  8 meliai
  2 ice statues (IceCv)
  2 stone giant skeletons (Vaults:2)
  15 moths of wrath
  29 slime creatures
  5 toenail golems (Volcano)
  5 kobold blastminers
  5 torpor snails
  3 rust devils (Hell)
  5 black mambas
  A smoke demon (Abyss:3)
  7 eyes of devastation
  An orange demon (Hell)
  A white draconian zombie (Crypt:2)
  16 vault sentinels
  A minotaur zombie (Crypt:2)
  An unseen horror (D:11)
  9 rime drakes
  An alligator snapping turtle skeleton (Crypt:1)
  11 cane toads
  11 komodo dragons
  A sea snake zombie (Hell)
  A catoblepas zombie (Crypt:1)
  7 hellions
  A tormentor (Geh:3)
  2 spectral redbacks (Spider:4)
  2 sea snake skeletons (Hell)
  4 tengu conjurers
  A red draconian skeleton (Crypt:1)
  10 yaktaurs
  An anaconda simulacrum (Crypt:3)
  3 freezing wraiths (Crypt:3)
  A yaktaur skeleton (Vaults:2)
  8 ice devils (Hell)
  7 guardian mummies (Crypt:3)
  A queen bee (Spider:2)
  8 trolls
  A troll (shapeshifter) (D:15)
  13 tyrant leeches
  8 hornets
  A polar bear (Lair:2)
  6 spectral jumping spiders (Spider:4)
  3 spectral tarantellas (Spider:4)
  A spectral elephant (Lair:3)
  Grinder (D:5)
  A hydra skeleton (Hell)
  15 tarantellas
  A glass eye (Depths:3)
  A tarantella zombie (Spider:4)
  Prince Ribbit (D:5)
  15 jumping spiders
  A stone giant simulacrum (Hell)
  11 dream sheep
  5 raiju (Abyss:2)
  5 blink frogs (Lair:3)
  An elf skeleton (Vaults:3)
  A spectral black mamba (Lair:3)
  14 water elementals
  9 small abominations
  6 spriggans
  7 culicivoras
  A deep troll skeleton (Vaults:2)
  2 shadows (Crypt:3)
  A slime creature zombie (Slime:5)
  5 wyverns
  8 wraiths
  A ynoxinul (Abyss:2)
  A black mamba zombie (Crypt:3)
  2 spriggan zombies
  7 wargs
  74 yaks
  A tarantella (shapeshifter) (Vaults:5)
  4 golden eyes (Slime:5)
  4 basilisks
  5 humans (Volcano)
  7 vampire mosquitoes
  A steam dragon (D:8)
  Eustachio (D:4)
  5 neqoxecs
  24 redbacks
  An ogre zombie (Vaults:1)
  8 swamp worms
  A hydra simulacrum (Hell)
  A glowing shapeshifter zombie (Vaults:3)
  2 chaos spawn (Abyss:2)
  17 water moccasins
  4 human skeletons (Vaults:2)
  An ice beast (D:6)
  2 sky beasts
  33 orc warriors
  A glowing shapeshifter skeleton (Vaults:2)
  A swamp drake (Swamp:4)
  Pargi (Sewer)
  21 laughing skulls
  4 ogres
  4 black bears
  A blink frog zombie (Crypt:1)
  10 boggarts
  11 wolves
  6 centaurs
  12 bullfrogs
  7 kobold brigands
  A brain worm (shapeshifter) (D:13)
  Blork the orc (D:5)
  2 brain worms
  4 earth elementals
  3 scorpions
  4 gnoll sergeants
  4 burial acolytes (Crypt:3)
  25 killer bees
  2 lindwurm simulacra (IceCv)
  A swamp dragon simulacrum (Hell)
  2 elephant simulacra (Lair:1)
  5 electric eels
  2 hounds
  A quasit (Abyss:3)
  9 komodo dragon simulacra (IceCv)
  A black bear zombie (Crypt:1)
  18 orc priests
  Crazy Yiuf (D:6)
  A bullfrog skeleton (D:7)
  2 jellies (D:6)
  18 starcursed masses
  A gnoll bouda (D:8)
  4 hell rats (Hell)
  20 orc wizards
  A sleepcap (D:5)
  4 iguanas
  3 scorpion zombies (D:7)
  2 polar bear simulacra (Lair:1)
  2 killer bee zombies (D:7)
  An acid dragon zombie (Crypt:1)
  A naga zombie (Crypt:2)
  A howler monkey zombie (Crypt:2)
  29 gnolls
  3 howler monkey skeletons (D:7)
  3 orc zombies (Orc:2)
  3 acid dragon simulacra (IceCv)
  3 adders
  A swamp drake zombie (Crypt:1)
  3 white imps
  2 ufetubi (D:6)
  7 steam dragon simulacra (IceCv)
  3 dart slugs
  A ribbon worm (D:4)
  54 orcs
  3 ball pythons (D:1)
  9 endoplasms
  7 giant cockroaches
  16 goblins
  8 hobgoblins
  7 jackals
  5 quokkas
  11 bats
  2 frilled lizards (D:1)
  A gnoll skeleton (Crypt:2)
  A jackal skeleton (Crypt:2)
  24 kobolds
  A kobold skeleton (Crypt:2)
  10 rats
  A rat skeleton (Crypt:1)
  3 creeping infernos (Geh:7)
  7 fire vortices
  7 starspawn tentacles
2150 creatures vanquished.

Vanquished Creatures (collateral kills)
  A dread lich (Vaults:5)
  Khufu (Crypt:3)
  An orb of fire (Zot:1)
  the Lernaean hydra (Swamp:4)
  Norris (Vaults:1)
  An electric golem (Zot:3)
  Mlioglotl (Swamp:2)
  A lich (Vaults:5)
  A titan (Vaults:5)
  2 acid blobs (Slime:5)
  3 sphinxes
  A thorn hunter (Swamp:4)
  3 storm dragons (Vaults:5)
  Agnes (Spider:2)
  3 rockslimes (Slime:5)
  2 shadow dragons
  4 azure jellies (Slime:5)
  2 fenstrider witches (Swamp:4)
  A draconian monk (Zot:2)
  2 fire giants
  2 frost giants (Vaults:5)
  A vault warden (Vaults:4)
  An emperor scorpion (Spider:4)
  A draconian annihilator (Zot:2)
  2 ghost moths
  A spriggan defender (Depths:2)
  4 stone giants
  2 very ugly things
  3 ironbound preservers
  5 quicksilver oozes (Slime:5)
  2 vampire knights
  An ironbound thunderhulk (Vaults:3)
  A deep elf demonologist (Vaults:5)
  2 dire elephants (Vaults:4)
  A purple draconian (Zot:1)
  A bunyip (Swamp:4)
  A red draconian (Zot:1)
  2 spark wasps (Spider:4)
  2 yellow draconians
  A white draconian (Zot:3)
  A crystal guardian (WizLab)
  2 ettins
  3 yaktaur captains
  A mummy priest (Crypt:3)
  An ice dragon (Depths:3)
  A deep elf high priest (Vaults:5)
  A peacekeeper (Vaults:2)
  7 hydras
  A spriggan air mage (Depths:2)
  2 jorogumos (Spider:4)
  An ogre mage (Vaults:1)
  5 great orbs of eyes
  A ghost crab (Swamp:2)
  6 alligators
  A two-headed ogre (D:15)
  A death scarab (Spider:4)
  2 boulder beetles
  A centaur warrior (D:13)
  A deep troll shaman (Depths:2)
  3 deep troll earth magi
  4 hell knights
  An orc high priest (Orc:2)
  A hell hog (Geh:1)
  A titan zombie (Depths:3)
  An occultist (Depths:2)
  A skeletal warrior (Vaults:2)
  A death drake (Swamp:4)
  4 pharaoh ants
  A goliath frog (Swamp:1)
  6 deep trolls
  5 spriggan druids
  7 swamp dragons (Swamp:4)
  6 orb spiders
  An arcanist (Vaults:3)
  A glowing orange brain (WizLab)
  A bog body (Crypt:3)
  A steelbarb worm (Spider:2)
  5 ironbound convokers
  4 lindwurms
  5 harpies (Vaults:3)
  A necromancer (Depths:2)
  3 deep elf pyromancers (D:15)
  An ugly thing (D:15)
  4 deep elf zephyrmancers
  4 wolf spiders (Spider:4)
  An orc sorcerer (Orc:2)
  2 elephants (Lair:4)
  2 will-o-the-wisps
  4 meliai
  3 moths of wrath
  4 vault sentinels
  A cyclops (D:15)
  A fire giant skeleton (Depths:3)
  2 eyes of devastation
  2 torpor snails (Spider:4)
  A spectral redback (Spider:4)
  5 yaktaurs
  A freezing wraith (Vaults:5)
  6 hornets
  A bloated husk (Swamp:2)
  13 jumping spiders
  3 tarantellas
  A spectral culicivora (Spider:4)
  2 spectral tarantellas (Spider:4)
  A tyrant leech (Swamp:1)
  16 slime creatures
  2 glass eyes (Slime:5)
  3 water elementals
  9 culicivoras
  7 spriggans
  A yak (Lair:5)
  A shadow (Crypt:3)
  A hog (Lair:5)
  A basilisk (D:15)
  27 redbacks
  A swamp worm (Swamp:4)
  A water moccasin (Lair:4)
  A human skeleton (Depths:3)
  3 swamp drakes (Swamp:4)
  6 orc warriors
  6 ogres
  7 killer bees (Spider:2)
  An orc priest (D:15)
  A starcursed mass (Abyss:3)
  25 orcs
  A hobgoblin (shapeshifter) (D:15)
358 creatures vanquished.

Vanquished Creatures (others)
  A Brimstone Fiend (Geh:6)
  A draconian knight (Zot:2)
  A purple draconian (Zot:1)
  4 very ugly thing zombies
  A quicksilver dragon zombie (Vaults:5)
  An alligator (Swamp:1)
  A quicksilver ooze zombie (Slime:5)
  A titan zombie (Vaults:5)
  A storm dragon zombie (Vaults:5)
  2 ghost moth zombies
  A bunyip zombie (Swamp:2)
  A spark wasp zombie (Depths:4)
  3 golden dragon zombies
  A swamp dragon (Swamp:4)
  An ironbound convoker (Vaults:4)
  5 ugly thing zombies
  A lindwurm (Swamp:4)
  4 wolf spider zombies
  An iron dragon zombie (Vaults:5)
  A shadow dragon zombie (Zot:3)
  A frost giant zombie (Vaults:5)
  2 alligator zombies (Swamp:1)
  4 stone giant zombies
  6 draconian zombies
  A deep elf pyromancer (Elf:1)
  A fire giant zombie (Vaults:5)
  4 centaur zombies
  A dire elephant zombie (Vaults:4)
  A black draconian zombie (Zot:4)
  3 steelbarb worm zombies
  21 human zombies
  A swamp worm zombie (Swamp:2)
  5 yaktaur zombies
  A green draconian zombie (Zot:4)
  3 white draconian zombies
  8 redback zombies
  2 orb spider zombies
  A purple draconian zombie (Zot:1)
  4 hydra zombies (Swamp:4)
  A death drake zombie (Swamp:4)
  4 great orb of eyes zombies
  2 bloated husks
  A demonic crawler zombie (Spider:2)
  A tyrant leech (Swamp:1)
  A culicivora zombie (Spider:2)
  3 moth of wrath zombies (Zot:3)
  A merfolk zombie (Depths:4)
  2 tarantella zombies (Spider:1)
  2 ettin zombies (Vaults:5)
  3 meliai zombies
  An ice dragon zombie (Depths:3)
  3 jumping spider zombies
  A fire dragon zombie (Depths:2)
  A spriggan (Depths:2)
  11 slime creature zombies
  4 tyrant leech zombies
  2 humans (Lair:5)
  A two-headed ogre zombie (D:15)
  A tengu zombie (Depths:2)
  7 deep troll zombies
  An entropy weaver zombie (Vaults:3)
  2 swamp drakes
  A lindwurm zombie (Swamp:4)
  3 hornet zombies
  A laughing skull (Crypt:1)
  6 elephant zombies (Lair:5)
  A hog zombie (Lair:5)
  10 elf zombies
  6 swamp dragon zombies (Swamp:4)
  A komodo dragon zombie (Lair:5)
  A troll zombie (Orc:2)
  12 spriggan zombies
  5 yak zombies (Lair:5)
  2 orc priests (Orc:2)
  7 ogre zombies
  3 swamp drake zombies (Swamp:4)
  54 orc zombies
  2 orcs (Orc:2)
  5 creeping infernos
  15 foxfires
  16 starspawn tentacles
310 creatures vanquished.

Grand Total: 2818 creatures vanquished

Notes
Turn   | Place    | Note
-------+----------+-------------------------------------------
     0 | D:1      | mojasp the Demonspawn Gladiator began the quest for the
                  | Orb.
     0 | D:1      | Reached XP level 1. HP: 16/16 MP: 1/1
   104 | D:1      | Gained mutation: You sometimes gain a little power by
                  | taking damage. [demonic ancestry]
   104 | D:1      | Reached XP level 2. HP: 10/22 MP: 2/2
   369 | D:1      | Reached XP level 3. HP: 28/28 MP: 3/3
  1851 | D:3      | Reached skill level 3 in Fighting
  1851 | D:3      | Reached XP level 4. HP: 32/35 MP: 4/4
  1910 | D:3      | Found a stormy altar of Qazlal.
  2838 | D:4      | Noticed a black bear
  2847 | D:4      | Killed a black bear
  2848 | D:4      | Reached skill level 1 in Shields
  2848 | D:4      | Reached skill level 1 in Evocations
  2848 | D:4      | Gained mutation: You have a somewhat thin skeletal
                  | structure. (Dex +2, Stealth+) [demonic ancestry]
  2848 | D:4      | Reached XP level 5. HP: 16/41 MP: 5/5
  2995 | D:4      | Reached XP level 6. HP: 38/47 MP: 6/6
  3488 | D:4      | Noticed Eustachio
  3558 | D:4      | Killed Eustachio
  3559 | D:4      | Reached skill level 5 in Long Blades
  3559 | D:4      | Gained mutation: You sometimes gain power by taking damage.
                  | [demonic ancestry]
  3559 | D:4      | Reached XP level 7. HP: 35/53 MP: 7/7
  3848 | D:5      | Entered Level 5 of the Dungeon
  3939 | D:5      | Reached skill level 4 in Fighting
  4215 | D:5      | Found a staircase to the Ecumenical Temple.
  4249 | Temple   | Entered the Ecumenical Temple
  4282 | Temple   | Became a worshipper of Cheibriados the Contemplative
  4475 | D:5      | Reached XP level 8. HP: 55/61 MP: 8/8
  4503 | D:5      | Noticed Grinder
  4522 | D:5      | Killed Grinder
  4523 | D:5      | Reached skill level 1 in Invocations
  4703 | D:5      | Noticed Prince Ribbit
  4716 | D:5      | Killed Prince Ribbit
  4716 | D:5      | Reached * piety under Cheibriados
  4985 | D:5      | Noticed Blork the orc
  4994 | D:5      | Killed Blork the orc
  5153 | D:6      | Reached skill level 5 in Fighting
  5153 | D:6      | Reached skill level 5 in Evocations
  5162 | D:6      | Found Deor's Vocational Training.
  5261 | D:6      | Reached ** piety under Cheibriados
  5288 | D:6      | Found a glowing drain.
  5295 | Sewer    | Entered a sewer
  5304 | Sewer    | Learned a level 2 spell: Blink
  5307 | Sewer    | Learned a level 2 spell: Lesser Beckoning
  5311 | Sewer    | Learned a level 3 spell: Teleport Other
  5331 | Sewer    | Noticed Pargi
  5342 | Sewer    | Killed Pargi
  5501 | D:6      | Reached XP level 9. HP: 62/68 MP: 11/11
  5630 | D:6      | Reached *** piety under Cheibriados
  5641 | D:6      | Reached skill level 1 in Spellcasting
  5740 | D:6      | Reached skill level 1 in Translocations
  6197 | D:6      | Found a runed translucent door.
  6198 | D:6      | Noticed Crazy Yiuf
  6208 | D:6      | Killed Crazy Yiuf
  6316 | D:7      | You fall into a shaft and drop 1 floor!
  6602 | D:8      | Reached skill level 6 in Fighting
  6612 | D:8      | Reached skill level 5 in Dodging
  6798 | D:8      | Found a radiant altar of Vehumet.
  6798 | D:8      | Noticed Gastronok
  7442 | D:7      | Reached **** piety under Cheibriados
  8547 | D:8      | Killed Gastronok
  8548 | D:8      | Reached skill level 7 in Fighting
  8548 | D:8      | Reached skill level 5 in Invocations
  8548 | D:8      | Gained mutation: Your touch may inflict minor irresistible
                  | damage on your foes. [demonic ancestry]
  8548 | D:8      | Reached XP level 10. HP: 35/79 MP: 12/14
  8773 | D:8      | Reached ***** piety under Cheibriados
  9020 | D:9      | Identified the +1 ring mail of Fun and Games {Harm rN+
                  | Will+}
  9025 | D:9      | Found Joisel's Armour Emporium.
  9064 | D:9      | Found a flagged portal.
  9082 | Bailey   | Entered a bailey
  9255 | Bailey   | Reached skill level 8 in Fighting
  9255 | Bailey   | Found a bloodstained altar of Trog.
  9268 | Bailey   | Identified the +8 demon blade of Huppohask {freeze, Fly rF-
                  | rN+++ Stlth-}
  9396 | D:9      | Bought the +4 scale mail of the Falcon {rF+ Dex+2} for 422
                  | gold pieces
  9856 | D:9      | Found an iron altar of Okawaru.
  9933 | D:9      | Found a shadowy altar of Dithmenos.
 10131 | D:10     | Entered Level 10 of the Dungeon
 10477 | D:10     | Noticed an elephant
 10485 | D:10     | Killed an elephant
 10486 | D:10     | Gained mutation: Your touch may inflict irresistible damage
                  | on your foes. [demonic ancestry]
 10486 | D:10     | Reached XP level 11. HP: 87/87 MP: 6/17
 10491 | D:10     | Noticed a two-headed ogre
 10499 | D:10     | Killed a two-headed ogre
 10526 | D:10     | Noticed a centaur warrior
 10537 | D:10     | Killed a centaur warrior
 10671 | D:9      | Bought the +1 cloak of Starlight {*Dazzle EV+4 Stlth--} for
                  | 305 gold pieces
 10671 | D:9      | Found the +1 cloak of Starlight {*Dazzle EV+4 Stlth--}
 10712 | D:10     | Found an ornate altar of the Wu Jian Council.
 10723 | D:10     | Found a blossoming altar of Fedhas.
 11244 | D:10     | Found a staircase to the Lair.
 11611 | D:11     | Noticed a two-headed ogre
 11613 | D:11     | Killed a two-headed ogre
 11881 | D:11     | Found a runed translucent gate.
 11882 | D:11     | Found a runed translucent gate.
 11882 | D:11     | Found a runed translucent gate.
 11883 | D:11     | Noticed Drangen's ghost (journeyman CoHu)
 11891 | D:11     | Identified the +10 plate armour of Eternal Vigilance {rC++
                  | Str+4 Dex-3}
 11897 | D:11     | Found a radiant altar of Vehumet.
 11897 | D:11     | Noticed a two-headed ogre
 11898 | D:11     | Noticed a two-headed ogre
 11900 | D:11     | Killed a two-headed ogre
 11901 | D:11     | Reached skill level 9 in Fighting
 11908 | D:11     | Killed a two-headed ogre
 11970 | D:11     | Reached skill level 5 in Spellcasting
 12005 | D:11     | Noticed an arcanist
 12012 | D:11     | Killed an arcanist
 12187 | D:11     | Found a roughly hewn altar of Beogh.
 12424 | Lair:1   | Entered Level 1 of the Lair of Beasts
 12424 | Lair:1   | Found a runed translucent gate.
 12424 | Lair:1   | Found a runed translucent gate.
 12424 | Lair:1   | Found a runed translucent gate.
 12440 | Lair:1   | Reached skill level 10 in Long Blades
 12440 | Lair:1   | Noticed Zigma's ghost (journeyman DrMo)
 12445 | Lair:1   | Reached skill level 5 in Translocations
 12445 | Lair:1   | Gained mutation: You have a moderately thin skeletal
                  | structure. (Dex +4, Stealth++) [demonic ancestry]
 12445 | Lair:1   | Reached XP level 12. HP: 69/95 MP: 19/19
 12685 | Lair:1   | Found a frozen archway.
 12708 | IceCv    | Entered an ice cave
 12917 | IceCv    | Noticed an ice dragon
 12924 | IceCv    | Killed an ice dragon
 12984 | IceCv    | Found the +4 skin of Zhor {*Englaciate rC+++ SInv}
 13696 | Lair:1   | Killed Zigma's ghost
 13812 | Lair:2   | Reached skill level 10 in Fighting
 13813 | Lair:2   | Got the Grimoire of the Hornet
 13860 | Lair:2   | Found a dark tunnel.
 13869 | Volcano  | Entered a volcano
 13916 | Abyss:2  | Cast into level 2 of the Abyss (an occultist)
 14025 | Abyss:2  | Gained mutation: Your touch may irresistibly damage your
                  | foes and sap their willpower. [demonic ancestry]
 14025 | Abyss:2  | Reached XP level 13. HP: 76/103 MP: 6/20
 14059 | Abyss:2  | Learned a level 4 spell: Animate Dead
 14152 | Abyss:2  | Reached skill level 1 in Necromancy
 14156 | Abyss:2  | Noticed a reaper
 14169 | Abyss:2  | Reached skill level 10 in Invocations
 14196 | Abyss:2  | Reached skill level 10 in Dodging
 14200 | Volcano  | Escaped the Abyss
 14986 | Lair:2   | Noticed Urug
 14991 | Lair:2   | Killed Urug
 15655 | Lair:3   | Reached skill level 11 in Fighting
 15675 | Lair:3   | Found a hole to the Spider Nest.
 16117 | Lair:3   | Reached skill level 5 in Necromancy
 16152 | Lair:3   | Noticed Nessos
 16161 | Lair:3   | Killed Nessos
 16376 | Lair:3   | Learned a level 5 spell: Borgnjor's Vile Clutch
 16383 | Lair:3   | Learned a level 6 spell: Death Channel
 16468 | Lair:3   | Gained mutation: You are powered by pain. [demonic
                  | ancestry]
 16468 | Lair:3   | Reached XP level 14. HP: 111/113 MP: 17/21
 16488 | Lair:3   | Found a staircase to the Swamp.
 17093 | Lair:4   | Found a viscous altar of Jiyva.
 17093 | Lair:4   | Found a staircase to the Slime Pits.
 17650 | Lair:5   | Entered Level 5 of the Lair of Beasts
 17667 | Lair:5   | Noticed Kirke
 17683 | Lair:5   | Killed Kirke
 17921 | Lair:5   | Reached skill level 12 in Fighting
 18606 | Lair:5   | Reached XP level 15. HP: 117/122 MP: 22/22
 18609 | Lair:5   | Reached ****** piety under Cheibriados
 18946 | Lair:5   | Reached skill level 13 in Fighting
 19183 | D:6      | Bought a manual of Evocations for 1040 gold pieces
 19552 | D:12     | Found Letturof's Distillery.
 19555 | D:12     | Bought a potion of heal wounds for 60 gold pieces
 19706 | D:12     | Found a staircase to the Orcish Mines.
 20131 | Orc:1    | Entered Level 1 of the Orcish Mines
 20602 | Orc:2    | Entered Level 2 of the Orcish Mines
 20851 | Orc:2    | Found a staircase to the Elven Halls.
 21175 | Orc:2    | Reached skill level 10 in Necromancy
 21389 | Orc:2    | Found Nesasif's General Store.
 21423 | Orc:2    | Found Ossesm's Antique Armour Emporium.
 21423 | Orc:2    | Found Utyruseni's Antique Weapon Emporium.
 21424 | Orc:2    | Found Dimafab's Book Shoppe.
 21428 | Orc:2    | Bought a scroll of identify for 30 gold pieces
 22149 | D:13     | Found a gate to the Vaults.
 22262 | D:13     | Found a shimmering blue altar of Sif Muna.
 22796 | D:14     | Reached XP level 16. HP: 132/132 MP: 20/23
 23235 | D:15     | Entered Level 15 of the Dungeon
 23244 | D:15     | Reached skill level 14 in Fighting
 23667 | D:15     | Reached skill level 10 in Evocations
 23732 | D:15     | Found a staircase to the Depths.
 23943 | Spider:1 | Entered Level 1 of the Spider Nest
 24991 | Spider:2 | Noticed Agnes
 24997 | Spider:2 | Reached skill level 15 in Fighting
 25001 | Spider:2 | Killed Agnes
 25401 | Spider:2 | Noticed Arachne
 25413 | Spider:2 | Killed Arachne
 25414 | Spider:2 | Gained mutation: You are partially covered in sharp spines.
                  | [demonic ancestry]
 25414 | Spider:2 | Reached XP level 17. HP: 115/142 MP: 23/25
 26514 | Spider:4 | Entered Level 4 of the Spider Nest
 27217 | Spider:4 | Reached skill level 16 in Fighting
 27380 | Spider:4 | Reached skill level 1 in Earth Magic
 27604 | Spider:4 | Got a gossamer rune of Zot
 27718 | Spider:4 | Reached skill level 15 in Dodging
 27896 | Swamp:1  | Entered Level 1 of the Swamp
 27896 | Swamp:1  | Noticed Nikola
 27905 | Swamp:1  | Killed Nikola
 27922 | Swamp:1  | Gained mutation: You are mostly covered in sharp spines.
                  | [demonic ancestry]
 27922 | Swamp:1  | Reached XP level 18. HP: 111/153 MP: 22/27
 28352 | Swamp:2  | Noticed Mlioglotl
 28359 | Swamp:2  | Killed Mlioglotl
 28697 | Orc:2    | Bought the +2 pair of slick slippers {slick, slippery,
                  | EV+4} for 837 gold pieces
 28697 | Orc:2    | Found the +2 pair of slick slippers {slick, slippery, EV+4}
 28710 | Orc:2    | Bought a twisted leather armour for 217 gold pieces
 28710 | Orc:2    | Identified the +3 leather armour "Boidgh" {Dex+3} (You
                  | bought it in a shop on level 2 of the Orcish Mines)
 29267 | Swamp:2  | Identified the serpent talisman "Limexog" {rC- Int+6}
 29267 | Swamp:2  | Noticed Aizul
 29278 | Swamp:2  | Killed Aizul
 29295 | Swamp:2  | Identified the +0 plate armour of Entitlement {Rampage}
 29832 | Swamp:3  | Identified the +4 scale mail "Reext" {Will+ rCorr}
 30141 | Swamp:3  | Noticed a tentacled monstrosity
 30149 | Swamp:3  | Killed a tentacled monstrosity
 30226 | Swamp:4  | Entered Level 4 of the Swamp
 30394 | Swamp:4  | Reached skill level 17 in Fighting
 30394 | Swamp:4  | Paralysed by a fenstrider witch for 3 turns
 30775 | Swamp:4  | Noticed the 27-headed Lernaean hydra
 30788 | Swamp:4  | Killed the 26-headed Lernaean hydra
 30912 | Swamp:4  | Got a decaying rune of Zot
 31494 | Vaults:1 | Entered Level 1 of the Vaults
 31821 | Vaults:1 | Found a transporter.
 31823 | Vaults:1 | Found a radiant altar of Vehumet.
 31865 | Vaults:1 | Identified the +4 robe "Ellaagg" {-Tele rPois Int+5}
 31865 | Vaults:1 | Noticed Boris
 31914 | Vaults:1 | Found Gaurchaf's Jewellery Shoppe.
 31966 | Vaults:1 | Gained mutation: Your hexes are more powerful. [demonic
                  | ancestry]
 31966 | Vaults:1 | Reached XP level 19. HP: 116/161 MP: 28/28
 32029 | Vaults:1 | Identified the +4 quarterstaff "Dacauv" {pain, rF+}
 32369 | Vaults:1 | Noticed Norris
 32385 | Vaults:1 | Killed Norris
 32528 | Vaults:1 | Reached skill level 18 in Fighting
 33111 | Vaults:2 | Reached skill level 15 in Evocations
 33282 | Vaults:2 | Learned a level 6 spell: Permafrost Eruption
 33295 | Vaults:2 | Found a portal to a secret trove of treasure.
 34006 | Vaults:2 | Found the +8 pair of quick blades "Gyre" and "Gimble"
                  | {protect}
 34277 | Vaults:2 | Found a staircase to the Crypt.
 34612 | Vaults:3 | Reached skill level 19 in Fighting
 34689 | Vaults:3 | Identified the orb of Umynuotsu {*channel, Str+6}
 34689 | Vaults:3 | Noticed Frederick
 34701 | Vaults:3 | Gained mutation: You are completely covered in sharp
                  | spines. [demonic ancestry]
 34701 | Vaults:3 | Reached XP level 20. HP: 130/174 MP: 26/29
 34705 | Vaults:3 | Killed Frederick
 34725 | Vaults:3 | Reached skill level 15 in Necromancy
 35798 | Vaults:3 | Noticed Margery
 35806 | Vaults:3 | Killed Margery
 35878 | Vaults:3 | Reached skill level 20 in Fighting
 36810 | D:3      | Identified a scroll of acquirement
 36820 | D:3      | Acquired 935 gold pieces
 37009 | D:11     | Killed Drangen's ghost
 37251 | Vaults:1 | Killed Boris
 37262 | Vaults:1 | Identified the +0 hat of Privacy {Harm Str+4 Slay+2}
 37336 | Vaults:1 | Found a transporter.
 37686 | Vaults:4 | Noticed Sojobo
 37691 | Vaults:4 | Paralysed by an air elemental for 1 turns
 37703 | Vaults:4 | Killed Sojobo
 38201 | Vaults:4 | Reached XP level 21. HP: 139/184 MP: 30/30
 38527 | Vaults:4 | Found a runed translucent door.
 38530 | Vaults:4 | Noticed dolemite99's ghost (veteran DrFE)
 39129 | Depths:1 | Entered Level 1 of the Depths
 39263 | Depths:1 | Found a gateway to Hell.
 39317 | Depths:1 | Found a blossoming altar of Fedhas.
 39424 | Depths:1 | Found Yckaxisa's Book Shoppe.
 39424 | Depths:1 | Found Wyxemopo's Jewellery Shop.
 39426 | Depths:1 | Found Ese Warhepu's Book Shoppe.
 39438 | Depths:1 | Bought the ring of Pigepsui {rF+ Will+ EV+5 Dex+3} for 1114
                  | gold pieces
 39742 | Vaults:4 | Killed dolemite99's ghost
 40090 | Depths:1 | Bought the ring of Darkness {rF+ Int+2} for 651 gold pieces
 40340 | Depths:1 | Reached skill level 21 in Fighting
 40553 | Depths:2 | Found a one-way gate leading to the halls of Pandemonium.
 40688 | Depths:2 | You are sucked into a shaft and drop 1 floor!
 40975 | Depths:2 | Identified the +6 plate armour of Insatiable Hunger {Int+3}
 41172 | Depths:2 | Found Ecvafapu's Weapon Boutique.
 41682 | Depths:3 | Found a one-way gate to the infinite horrors of the Abyss.
 41996 | Depths:3 | Noticed a dread lich
 42006 | Depths:3 | Killed a dread lich
 42015 | Depths:3 | Reached skill level 22 in Fighting
 42041 | Depths:3 | Identified the +5 chain mail of Inviolability {Will+
                  | Stlth+}
 42257 | Depths:4 | Entered Level 4 of the Depths
 42571 | Depths:4 | Reached skill level 15 in Long Blades
 42595 | Depths:4 | Found Tacacab's Distillery.
 42615 | Depths:4 | Bought 2 potions of resistance for 320 gold pieces
 42615 | Depths:4 | Bought a potion of heal wounds for 80 gold pieces
 42754 | Depths:4 | Reached XP level 22. HP: 166/197 MP: 8/31
 43575 | Vaults:2 | You paid a toll of +2 shadow dragon scales to enter a
                  | treasure trove
 43576 | Trove    | Entered a treasure trove
 43578 | Trove    | Found a bloodstained altar of Trog.
 43632 | Trove    | Identified the +6 quick blade of Mutilation {vamp, +Blink}
 43880 | Depths:4 | Noticed a golden dragon
 43898 | Depths:4 | Killed a golden dragon
 44276 | Depths:4 | Found a one-way gateway to a ziggurat.
 44448 | Depths:4 | Found a gate to the Realm of Zot.
 44607 | Depths:4 | Learned a level 3 spell: Maxwell's Portable Piledriver
 44890 | Elf:1    | Entered Level 1 of the Elven Halls
 44890 | Elf:1    | Noticed Louise
 44897 | Elf:1    | Killed Louise
 45062 | Elf:1    | Found a huge runed translucent gate.
 45063 | Elf:1    | Found a huge runed translucent gate.
 45063 | Elf:1    | Found a huge runed translucent gate.
 45063 | Elf:1    | Found a huge runed translucent gate.
 45064 | Elf:1    | Found a huge runed translucent gate.
 45064 | Elf:1    | Found a huge runed translucent gate.
 45064 | Elf:1    | Found a huge runed translucent gate.
 45065 | Elf:1    | Found a huge runed translucent gate.
 45066 | Elf:1    | Found a huge runed translucent gate.
 45066 | Elf:1    | Found a huge runed translucent gate.
 45067 | Elf:1    | Found a huge runed translucent gate.
 45067 | Elf:1    | Found a huge runed translucent gate.
 45067 | Elf:1    | Found a huge runed translucent gate.
 45068 | Elf:1    | Found a huge runed translucent gate.
 45068 | Elf:1    | Found a huge runed translucent gate.
 45068 | Elf:1    | Found a huge runed translucent gate.
 45068 | Elf:1    | Found a huge runed translucent gate.
 45068 | Elf:1    | Found a huge runed translucent gate.
 45068 | Elf:1    | Found a huge runed translucent gate.
 45069 | Elf:1    | Found a huge runed translucent gate.
 45146 | Elf:1    | Your ally Louise died
 45170 | Elf:1    | Found Agunt's Assorted Antiques.
 45176 | Elf:1    | Bought a scroll of fear for 92 gold pieces
 45185 | Elf:1    | Found a magical portal.
 45194 | WizLab   | Entered Lehudib's Moon Base
 45223 | WizLab   | Reached skill level 23 in Fighting
 45282 | WizLab   | Found a transporter.
 45485 | WizLab   | Found a transporter.
 46152 | WizLab   | Gained mutation: You are dopey. (Int -2) [a cacodemon]
 46408 | WizLab   | Identified the ring "Huckar" {rF+ Will+ Dex+2}
 46595 | WizLab   | Reached skill level 1 in Stealth
 46796 | WizLab   | Got Nunnipib's Catalogue of Viridian Weather
 46815 | WizLab   | Gained mutation: Your health recovers twice as slowly from
                  | being drained. [a cacodemon]
 46817 | WizLab   | Gained mutation: Armour fits poorly on your strangely
                  | shaped body. [a cacodemon]
 46824 | WizLab   | Lost mutation: Your health recovers twice as slowly from
                  | being drained. [potion of mutation]
 46824 | WizLab   | Lost mutation: Armour fits poorly on your strangely shaped
                  | body. [potion of mutation]
 46824 | WizLab   | Lost mutation: You are dopey. (Int -2) [potion of mutation]
 46824 | WizLab   | Gained mutation: Your flesh is heat resistant. (rF+)
                  | [potion of mutation]
 46824 | WizLab   | Gained mutation: Your spells are a little easier to cast,
                  | but a little less powerful. [potion of mutation]
 46824 | WizLab   | Gained mutation: Your flesh is very heat resistant. (rF++)
                  | [potion of mutation]
 46824 | WizLab   | Gained mutation: Your flesh is almost immune to the effects
                  | of heat. (rF+++) [potion of mutation]
 47185 | D:9      | Bought the +0 helmet of Parlour Games {rC+ rN+ Str+4 Int-2}
                  | for 269 gold pieces
 47575 | Vaults:5 | Entered Level 5 of the Vaults
 47577 | Vaults:5 | Noticed a dread lich
 47593 | Vaults:5 | Killed a dread lich
 47638 | Vaults:5 | Gained mutation: Your melee attacks may debilitate your
                  | foes. [demonic ancestry]
 47638 | Vaults:5 | Reached XP level 23. HP: 207/207 MP: 18/32
 47650 | Vaults:5 | Reached skill level 5 in Shields
 47656 | Vaults:5 | Noticed a dread lich
 47659 | Vaults:5 | Noticed Bai Suzhen
 47672 | Vaults:5 | Killed a dread lich
 47678 | Vaults:5 | Killed Bai Suzhen
 47697 | Vaults:5 | Reached skill level 5 in Stealth
 47888 | Vaults:5 | Identified the +1 robe of Atregg {Rampage rPois}
 47916 | Vaults:5 | Identified the +6 morningstar "Worm's Wrath" {protect,
                  | Str+5 Int+5}
 48184 | Vaults:5 | Got Nunuos's Encyclopedia of Despicable Rituals and Places
 48238 | Vaults:5 | Identified the +10 quarterstaff "Hikir" {heavy, rElec
                  | Dex+3}
 48366 | Vaults:5 | Identified the maw talisman of the Thunderstorm {rC+ Will+}
 48379 | Vaults:5 | Identified the staff "Leloufag" {rElec MP+9 Int-3 Conj Air
                  | Earth}
 48553 | Vaults:5 | Noticed Jory
 48558 | Vaults:5 | Killed Jory
 48709 | Vaults:5 | Found Hefin's Antique Armour Shop.
 48834 | Vaults:5 | Got a silver rune of Zot
 49057 | Vaults:5 | Identified the +10 hand axe of Gloom {speed, Will+ MP+9}
 49058 | Vaults:5 | Identified the +8 morningstar "Fish" {freeze, rPois Will+
                  | SInv}
 49149 | Vaults:5 | Noticed an ancient lich
 49156 | Vaults:5 | Killed an ancient lich
 49695 | Slime:1  | Entered Level 1 of the Pits of Slime
 49782 | Slime:5  | Entered Level 5 of the Pits of Slime
 49871 | Slime:5  | Noticed the Royal Jelly
 49896 | Slime:5  | Killed the Royal Jelly
 49918 | Slime:5  | Gained mutation: You have an unnaturally thin skeletal
                  | structure. (Dex +6, Stealth+++) [demonic ancestry]
 49918 | Slime:5  | Reached XP level 24. HP: 73/214 MP: 8/32
 50271 | Slime:5  | Identified the +9 long sword "Qakin" {heavy, Str+3 Int+3
                  | Stlth+}
 50279 | Slime:5  | Identified the +0 ring mail of Duck's Teeth {rPois Regen+
                  | Int+2}
 50302 | Slime:5  | Identified the amulet of Jealousy {rPois rC- RegenMP+
                  | Str+7}
 50312 | Slime:5  | Got the Compendium of Kinetic Energy
 50349 | Slime:5  | Got a slimy rune of Zot
 50988 | Depths:3 | Voluntarily entered the Abyss.
 51109 | Abyss:3  | Found a corrupted altar of Lugonu.
 51281 | Abyss:3  | Paralysed by accursed screaming for 1 turns
 51336 | Abyss:3  | Got an abyssal rune of Zot
 51352 | Depths:3 | Escaped the Abyss
 51420 | Zot:1    | Entered Level 1 of the Realm of Zot
 51439 | Zot:1    | Reached skill level 10 in Shields
 51743 | Zot:1    | Noticed an orb of fire
 51750 | Zot:1    | Gained mutation: You have hidden genetic potential. [an orb
                  | of fire]
 51756 | Zot:1    | Gained mutation: Armour fits poorly on your strangely
                  | shaped body. [an orb of fire]
 51762 | Zot:1    | Killed an orb of fire
 51789 | Zot:1    | Noticed an orb of fire
 51809 | Zot:1    | Killed an orb of fire
 51963 | Zot:1    | Identified the +3 rapier of Friendship {flame, rC+ rCorr
                  | Stlth-}
 52089 | Zot:1    | You are sucked into a shaft and drop 1 floor!
 53253 | Zot:3    | Found a transporter.
 53253 | Zot:3    | Found a transporter.
 54145 | Zot:3    | Identified the +0 helmet of Husy {Harm rF- rN+}
 54157 | Zot:3    | Identified the ring of Ehulyrch {Will+ MP+9 Str+3}
 54314 | Zot:4    | Gained mutation: You are surrounded by an aura of silence.
                  | [demonic ancestry]
 54314 | Zot:4    | Reached XP level 25. HP: 191/222 MP: 19/32
 54551 | Zot:4    | Got Dibae's Atlas of the Deviated Jinx
 55190 | Zot:4    | Noticed a Killer Klown
 55200 | Zot:4    | Killed a Killer Klown
 55393 | Zot:5    | Entered Level 5 of the Realm of Zot
 55401 | Zot:5    | Found a transporter.
 55403 | Zot:5    | Found a transporter.
 55416 | Zot:5    | Found Roosung's Changing Room.
 55429 | Zot:5    | Bought the +11 plutonium sword {^Contam Stlth-} for 1800
                  | gold pieces
 55429 | Zot:5    | Found the +11 plutonium sword {^Contam Stlth-}
 55936 | Crypt:1  | Entered Level 1 of the Crypt
 56070 | Crypt:1  | Identified the +4 robe of Ghostly Miracles {Rampage Dex+3
                  | Slay+2 Archmagi}
 56070 | Crypt:1  | Noticed Boris
 56082 | Crypt:1  | Killed Boris
 56102 | Crypt:1  | Gained mutation: You are strong-willed. (Will+) [hidden
                  | potential]
 56788 | Crypt:2  | Noticed Xtahua
 56802 | Crypt:2  | Killed Xtahua
 56812 | Crypt:2  | Reached skill level 1 in Shapeshifting
 57546 | Crypt:3  | Entered Level 3 of the Crypt
 58002 | Crypt:3  | Reached skill level 5 in Shapeshifting
 58020 | Crypt:3  | Found an ancient bone altar of Kikubaaqudgha.
 58131 | Crypt:3  | Identified the staff "Velu" {rN+ Int-3 Dex+4 Necro Air}
 58178 | Crypt:3  | Noticed Khufu
 58194 | Crypt:3  | Killed Khufu
 58366 | Crypt:3  | Identified the +4 morningstar "Ithrulonn" {freeze, *Rage
                  | rF+ rC+ Str+3}
 58644 | Crypt:3  | Found a staircase to the Tomb.
 59041 | Hell     | Entered the Vestibule of Hell
 59041 | Hell     | Noticed Geryon
 59116 | Hell     | Found a gateway to the decaying netherworld of Tartarus.
 59194 | Hell     | Killed Geryon
 59207 | Hell     | Found a gateway to the Iron City of Dis.
 59299 | Hell     | Reached skill level 10 in Shapeshifting
 59302 | Hell     | Reached XP level 26. HP: 230/230 MP: 32/32
 59304 | Hell     | Found a gateway to the freezing wastes of Cocytus.
 59561 | Hell     | Gained mutation: You sometimes lose your temper in combat.
                  | [a cacodemon]
 59584 | Hell     | Lost mutation: You are strong-willed. (Will+) [potion of
                  | mutation]
 59584 | Hell     | Lost mutation: Your spells are a little easier to cast, but
                  | a little less powerful. [potion of mutation]
 59584 | Hell     | Lost mutation: Armour fits poorly on your strangely shaped
                  | body. [potion of mutation]
 59584 | Hell     | Gained mutation: You are robust. (+10% HP) [potion of
                  | mutation]
 59585 | Hell     | Lost mutation: You sometimes lose your temper in combat.
                  | [potion of mutation]
 59585 | Hell     | Lost mutation: You have hidden genetic potential. [potion
                  | of mutation]
 59585 | Hell     | Gained mutation: Your body sometimes deteriorates upon
                  | taking damage. [potion of mutation]
 59585 | Hell     | Gained mutation: You have large cloven feet. [potion of
                  | mutation]
 59585 | Hell     | Gained mutation: You have a pair of small horns on your
                  | head. [potion of mutation]
 59586 | Hell     | Found a gateway to the ashen valley of Gehenna.
 59734 | Geh:1    | Entered Level 1 of Gehenna
 59970 | Geh:1    | Noticed an ancient lich
 59978 | Geh:1    | Noticed an ancient lich
 59983 | Geh:1    | Killed an ancient lich
 60012 | Geh:1    | Noticed a dread lich
 60012 | Geh:1    | Noticed a dread lich
 60012 | Geh:1    | Noticed a dread lich
 60012 | Geh:1    | Noticed an ancient lich
 60016 | Geh:1    | Noticed an ancient lich
 60019 | Geh:1    | Noticed a dread lich
 60020 | Geh:1    | Killed a dread lich
 60021 | Geh:1    | Noticed an ancient lich
 60023 | Geh:1    | Killed a dread lich
 60027 | Geh:1    | Killed an ancient lich
 60028 | Geh:1    | Noticed a dread lich
 60030 | Geh:1    | Killed a dread lich
 60033 | Geh:1    | Killed an ancient lich
 60037 | Geh:1    | Killed a dread lich
 60041 | Geh:1    | Killed an ancient lich
 60047 | Geh:1    | Killed a dread lich
 61050 | Geh:5    | Reached skill level 15 in Shapeshifting
 61549 | Geh:7    | Entered Level 7 of Gehenna
 61740 | Geh:7    | Reached XP level 27. HP: 260/260 MP: 32/32
 62534 | Geh:7    | Identified the +3 leather armour of Qiajam {Rampage rElec
                  | Str-2 Int-5 Slay+3}
 62571 | Geh:7    | Identified the +1 plate armour "Dauh" {rPois Will+ Int-4
                  | Dex+4}
 62596 | Geh:7    | Found the +13 sceptre of Asmodeus
 62596 | Geh:7    | Noticed Asmodeus
 62629 | Geh:7    | HP: 1/260 [hellion/damnation[Asmodeus] (18)]
 62630 | Geh:7    | Engulfed by Asmodeus's flame

Illustrated notes

Levels and vault maps discovered:
D:1:      sevenhm_arrival_forest_fort_small_5, layout_basic, minmay_bisected
D:2:      layout_rooms, eino_curves_03, nicolae_hexahallways
D:3:      minmay_wonky_spiral, layout_basic, nicolae_overflow_crystal_walls,
          due_unseen_surprise
D:4:      layout_basic, uniq_eustachio
D:5:      layout_loops_ring, minmay_temple_entry_steel_oval, uniq_grinder,
          uniq_blork_the_orc, uniq_prince_ribbit1
D:6:      layout_loops_ring, gup_sewer_entry_bubbles, nicolae_shop_vocational,
          uniq_crazy_yiuf_cottage
D:7:      layout_loops_ring, mainiacjoe_ossuary_entry_find_the_door,
          minivault_25
D:8:      layout_basic, overflow_temple_1_default, uniq_gastronok
D:9:      layout_basic, nicolae_overflow_quartered_altars, serial_shops,
          nicolae_square_shop, enter_bailey_3
D:10:     minmay_stone_box, layout_long_grid, grunt_temple_overflow_open,
          grunt_lair_entry_orc_guard_hut, minmay_variable_closet
D:11:     layout_basic, biasface_ghost_orc_armoury, nicolae_vehumet_radiance
D:12:     layout_roguey, minmay_orc_entry_guard_dogs, serial_shops,
          kennysheep_mini_moat
D:13:     layout_cross, david_vaults_4, kennysheep_orc_sif_temple
D:14:     layout_basic
D:15:     hellmonk_depths_entry_around_the_bend, layout_cave_pools,
          elves_outpost_lemuel
Temple:   jpeg_temple_clearing
Lair:1:   layout_chaotic_city, portal_ice_cave_entry_ice_simulacra, basic_altar,
          ebering_ghost_rock_garden, serial_bayou_shore_b
Lair:2:   layout_layer_cave, nicolae_volcano_entry_two_sided,
          chequers_serial_rivers_micro_d, minmay_hedge_maze,
          serial_bayou_shore_b, grunt_megastairs_4, infiniplex_staircase_pool_2,
          uniq_urug
Lair:3:   layout_gridlike, nicolae_swamp_entry_spooky, spider_nest_entry_a,
          serial_bayou_shore_a, uniq_nessos
Lair:4:   layout_cave_pods, dpeg_slime_entry_enclosed
Lair:5:   evilmike_catoblepas_cave, layout_loops_ring, serial_bayou_crossing,
          infiniplex_staircase_pool, uniq_kirke
Swamp:1:  layout_basic_swamp, evilmike_swamp_ruin_house_4, uniq_nikola
Swamp:2:  layout_falls_marsh, serial_swamp_ruin, evilmike_swamp_ruin_house_3,
          evilmike_swamp_ruin_wall, evilmike_swamp_ruin_house_2, uniq_aizul,
          uniq_mlioglotl
Swamp:3:  layout_basic_swamp, evilmike_swamp_ruin_house_5, swamp_pool_3,
          kb_tengu_band
Swamp:4:  swamp_alternative, layout_basic_swamp, swamp_pool_3,
          nicolae_swamp_little_tower, hangedman_swamp_cone,
          nicolae_swamp_drake_lake
Spider:1: layout_spider_delve
Spider:2: layout_spider_delve, special_room [special_room_bee],
          nicolae_spider_rock_and_or_roll, uniq_arachne, uniq_agnes
Spider:3: layout_spider_delve
Spider:4: floodkiller_spider_rune_tomb
Slime:1:  layout_caves
Slime:2:  layout_caves
Slime:3:  layout_caves
Slime:4:  layout_caves
Slime:5:  slime_pit_nicolae_royal_road_to_ruin
Orc:1:    layout_diamond_mine
Orc:2:    st_orc_congregation, layout_diamond_mine
Elf:1:    elf_arrival_002, layout_geoelf_diagonals, mu_enter_wizlab_4,
          hangedman_elf_represent, nicolae_elf_big_sculpture_2,
          minmay_shop_star, lemuel_upstairs_altar, uniq_louise
Vaults:1: hangedman_vaults_variations, nicolae_vaults_little_squares_6,
          gammafunk_sealed_library, nicolae_vaults_weapon_check,
          hangedman_vaults_stitches, vaults_mumra_minichess_inversion,
          vaults_mumra_lcd, v_misc_25, ontoclasm_vaults_shuriken, v_misc_31,
          v_misc_5, vaults_dpeg_doors, layout_vaults_maze, serial_shops,
          nicolae_shop_just_a_little_nook, uniq_norris, uniq_boris
Vaults:2: ontoclasm_vaults_tryst, minmay_crypt_entry_skeletal_spiral, v_misc_28,
          nicolae_vaults_octothorpe, vaults_room_fours,
          nicolae_vaults_shock_wave, nicolae_vaults_more_shelving_2,
          vaults_dpeg_cross, v_alt_pattern_5, vaults_room_grunt_arrival_ludios,
          nicolae_vaults_heart-shaped_vault, layout_vaults_omnicross,
          nicolae_trove_entry_free_sample
Vaults:3: nicolae_vaults_diagonal_hallway_7, vaults_room_semicircle,
          nicolae_vaults_six-pack, nicolae_vaults_what_the_h,
          nicolae_vaults_trapezoid_lopsided_4, vaults_mumra_hex,
          nicolae_vaults_closet_pinwheel_1, vaults_room_door_hall,
          nicolae_vaults_security_offices_1, nicolae_vaults_tetromino_T_2,
          v_pattern_1, layout_vaults_chaotic_city, uniq_margery, uniq_frederick
Vaults:4: hellmonk_ghost_big_iron, hangedman_vaults_trim, v_misc_11,
          nicolae_vaults_closet_pinwheel_6, vaults_room_pools,
          ontoclasm_vaults_decontamination, nicolae_vaults_frosty_reception,
          ontoclasm_vaults_gateway, layout_vaults_quadrants, uniq_sojobo
Vaults:5: uniq_jory, uniq_bai_suzhen
Crypt:1:  layout_misc_corridors, grunt_ministairs_2
Crypt:2:  layout_basic, uniq_xtahua
Crypt:3:  grunt_crypt_end_deaths_head
Depths:1: layout_roguey, moated_statue, hell_entry, fountainhead,
          serial_sigils_hangedman_snap, fedhas_altar_3, minmay_shop_grove
Depths:2: kb_forest_paths, layout_small_grid, pan_entry, serial_shops, shop,
          serial_library_hellmonk_junction, pf_vacation_house_of_asmodeus,
          firewood_loft, minmay_staircase_windowed_small
Depths:3: hellmonk_paralyzer, layout_cave_pools, abyss_entry,
          nicolae_tso_swordbearing_angel, hangedman_tar_grid_catacomb,
          minmay_misc_feat_hallway
Depths:4: evilmike_zot_entry_hall, layout_basic, enter_ziggurat_b, serial_shops,
          shop, grunt_mini_vestibule
Hell
Geh:1:    layout_gehenna_pools_basic, nicolae_hells_leichenhalle
Geh:2:    hangedman_generic_boss_arena
Geh:3:    layout_gehenna_lava_caves
Geh:4:    layout_gehenna_lava_caves
Geh:5:    layout_gehenna_pools_box
Geh:6:    layout_gehenna_pools_triple
Geh:7:    geh_old
Zot:1:    layout_concentric_octagons, regret_index_zotdec_misc_clamp
Zot:2:    layout_misc_corridors, hangedman_zot_decor_unnerving_road
Zot:3:    gammafunk_the_bubble [the_bubble_gammafunk_plus_minus],
          layout_concentric_octagons
Zot:4:    layout_concentric_octagons, regret_index_zotdec_stipple_waver
Zot:5:    layout_basic, st_stairs_7, nicolae_transmutations_shop,
          nicolae_transporter_circle

Skill      XL: |  1  2  3  4  5  6  7  8  9 10 11 12 13 14 15 16 17 18 19 20 21 22 23 24 25 26 27 |
---------------+----------------------------------------------------------------------------------+-----
Long Blades    | 3 4 5 6 8 10 11 13 14 15 16 18 19 22 | 22.0
Fighting       | 3 4 5 7 8 9 10 11 12 13 15 16 17 19 20 22 23 | 23.7
Dodging        | 3 4 5 6 7 9 10 11 12 14 15 16 17 19 20 21 22 | 22.0
Shields        | 1 2 3 4 9 11 | 11.5
Evocations     | 1 2 3 5 9 11 12 14 15 | 15.0
Invocations    | 3 5 6 8 9 10 11 13 | 13.0
Spellcasting   | 3 4 5 |  5.0
Translocations | 2 3 5 |  5.0
Necromancy     | 5 8 10 11 12 13 14 15 | 15.0
Earth Magic    | 2 4 |  4.0
Stealth        | 4 5 |  5.0
Shapeshifting  | 10 16 17 | 17.8
Throwing       | |  1.7

Action                     |  1- 3 |  4- 6 |  7- 9 | 10-12 | 13-15 | 16-18 | 19-21 | 22-24 | 25-27 || total
---------------------------+-------+-------+-------+-------+-------+-------+-------+-------+-------++-------
  Melee: Long sword        |   173 |   147 |   520 |    73 |       |       |       |       |       ||   913
         Demon blade       |       |       |       |   315 |   709 |   660 |  1043 |   861 |   644 ||  4232
         Touch             |       |       |       |    95 |   145 |   142 |   234 |   113 |   146 ||   875
         Great sword       |       |       |       |       |     1 |       |       |       |       ||     1
         Pair of quick bla |       |       |       |       |       |       |   143 |       |       ||   143
         Double sword      |       |       |       |       |       |       |       |   222 |       ||   222
         Triple sword      |       |       |       |       |       |       |       |       |   481 ||   481
         Headbutt          |       |       |       |       |       |       |       |       |   214 ||   214
  Throw: Throwing net      |       |     3 |     1 |       |       |       |       |       |       ||     4
   Cast: Lesser Beckoning  |       |       |       |     3 |    18 |    24 |     8 |     6 |     8 ||    67
         Teleport Other    |       |       |       |     7 |     1 |       |       |       |       ||     8
         Animate Dead      |       |       |       |       |    13 |    21 |    20 |    19 |     1 ||    74
         Death Channel     |       |       |       |       |    13 |    41 |    33 |    28 |     4 ||   119
         Blink             |       |       |       |       |     1 |       |       |     1 |       ||     2
         Borgnjor's Vile C |       |       |       |       |       |     3 |    11 |    11 |     1 ||    26
 Invoke: Bend Time         |       |       |     1 |     2 |       |       |       |       |       ||     3
         Slouch            |       |       |       |     7 |    12 |     4 |     4 |     8 |     7 ||    42
  Evoke: Wand              |       |       |     5 |     2 |     5 |     1 |     5 |     1 |     1 ||    20
         Phial of floods   |       |       |       |     1 |       |     1 |     2 |       |     1 ||     5
         Tin of tremorston |       |       |       |       |       |       |     2 |     3 |     4 ||     9
         Phantom mirror    |       |       |       |       |       |       |     1 |     1 |     1 ||     3
         Lightning rod     |       |       |       |       |       |       |       |     4 |       ||     4
         Box of beasts     |       |       |       |       |       |       |       |     1 |     2 ||     3
    Use: Scroll            |       |       |     8 |     3 |    12 |     3 |    12 |    13 |     1 ||    52
         Potion            |       |       |     2 |     1 |     1 |     3 |     2 |     7 |    13 ||    29
   Stab: Sleeping          |     1 |       |     8 |       |       |     2 |     3 |     7 |    26 ||    47
         Held in net/web   |       |       |     4 |       |       |       |       |       |       ||     4
         Invisible         |       |       |       |    24 |    70 |    51 |    65 |    49 |     1 ||   260
         Distracted        |       |       |       |       |     8 |    22 |    31 |    36 |    23 ||   120
 Armour: Leather armour    |    19 |       |       |       |       |       |       |       |       ||    19
         Ring mail         |   120 |    38 |       |       |       |       |       |       |       ||   158
         Scale mail        |       |    69 |   282 |   184 |   135 |       |       |       |       ||   670
         Animal skin       |       |       |       |       |    81 |   210 |   234 |    41 |       ||   566
         Troll leather arm |       |       |       |       |       |       |       |   224 |   318 ||   542
  Dodge: Dodged            |   143 |    76 |   278 |   377 |   716 |   933 |  1155 |  1447 |  1647 ||  6772
  Block: Buckler           |     7 |    32 |   159 |     1 |       |       |       |       |       ||   199
         Kite shield       |       |       |       |       |       |       |       |   524 |   144 ||   668
         Tower shield      |       |       |       |       |       |       |       |     6 |       ||     6

Table legend: (Time is in decaauts)
 A = Elapsed time spent in this place.
 B = Non-inter-level travel time spent in this place.
 C = Inter-level travel time spent in this place.
 D = Time resting spent in this place.
 E = Time spent auto-exploring this place.
 F = Levels seen in this place.
 G = Mean time per level.
                   A        B        C        D        E       F      G
               +--------+--------+--------+--------+--------+-----+--------+
         Total |  97799 |  81210 |  16589 |   2659 |  61647 |  71 | 1377.5 |
       Dungeon |  24388 |  18667 |   5721 |    954 |  14241 |  15 | 1625.9 |
        Temple |     55 |     18 |     37 |      0 |     16 |   1 |   55.0 |
          Lair |  10434 |   8551 |   1883 |    193 |   7213 |   5 | 2086.8 |
         Swamp |   4577 |   4267 |    310 |      0 |   3548 |   4 | 1144.2 |
   Spider Nest |   6189 |   5947 |    242 |    120 |   4698 |   4 | 1547.2 |
    Slime Pits |   1674 |   1389 |    285 |     45 |    895 |   5 |  334.8 |
  Orcish Mines |   2888 |   2183 |    705 |     18 |   1735 |   2 | 1444.0 |
   Elven Halls |    538 |    462 |     76 |      0 |    141 |   1 |  538.0 |
        Vaults |  16427 |  12700 |   3727 |    358 |   9851 |   5 | 3285.4 |
         Crypt |   4544 |   4036 |    508 |      0 |   3190 |   3 | 1514.7 |
        Depths |   8582 |   6633 |   1949 |    293 |   5171 |   4 | 2145.5 |
          Hell |   1000 |    891 |    109 |      5 |    514 |   1 | 1000.0 |
       Gehenna |   4219 |   3973 |    246 |     69 |   2815 |   7 |  602.7 |
           Zot |   6997 |   6213 |    784 |     70 |   5088 |   5 | 1399.4 |
         Abyss |   1008 |   1008 |      0 |     29 |    203 |   3 |  336.0 |
         Trove |    148 |    148 |      0 |      0 |     36 |   1 |  148.0 |
         Sewer |    135 |    135 |      0 |      0 |     72 |   1 |  135.0 |
        Bailey |    363 |    363 |      0 |     53 |    148 |   1 |  363.0 |
      Ice Cave |    689 |    689 |      0 |     48 |    420 |   1 |  689.0 |
       Volcano |    603 |    603 |      0 |     10 |    441 |   1 |  603.0 |
        Wizlab |   2331 |   2331 |      0 |    394 |   1208 |   1 | 2331.0 |
               +--------+--------+--------+--------+--------+-----+--------+

Top non-repeatable levels by time:
Vaults:2: 4064 daAuts
Vaults:3: 3457 daAuts
Depths:4: 3097 daAuts
Vaults:4: 3021 daAuts
Vaults:1: 2965 daAuts
Vaults:5: 2918 daAuts
    D:10: 2643 daAuts
     D:8: 2508 daAuts
  Lair:2: 2375 daAuts
  WizLab: 2331 daAuts
Depths:2: 2132 daAuts
  Lair:3: 2124 daAuts
    D:13: 2054 daAuts
    D:11: 2046 daAuts
  Lair:5: 2036 daAuts
